Map: Central Protocol

Players

capac - Winner!

  • Race: Terran Terran
  • League: Gold

A.I. 1 (Harder)

  • Race: Protoss Protoss

VOD

Have the link to the VOD?

Description

Time

  • Played on: Feb. 17, 2016, 2:03 p.m.
  • Length: 15:59
Show
View Real Time Build Order
Export as new Build Order

capac Terran - Winner!

Build Orders:  

Get SALT Encoding   

  12  0:01  SCV  
  13  0:13  SCV  
  14  0:17  Supply Depot  
  14  0:26  SCV  
  15  0:39  SCV  
  15  0:42  Barracks  
  16  0:46  Refinery  
  16  0:52  SCV  
  17  1:04  SCV  
  18  1:16  SCV  
  19  1:28  SCV  
  20  1:35  Barracks Reactor  
  20  1:38  Command Center  
  20  1:46  Supply Depot, SCV  
  21  1:58  SCV  
  22  2:01  Refinery  
  22  2:14  Bunker, Marine x2  
  24  2:20  Orbital Command  
  24  2:34  Marine  
  24  2:36  Factory  
  25  2:37  Marine  
  26  2:46  SCV  
  27  2:54  Orbital Command  
  27  3:00  Marine x2  
  27  3:03  SCV  
  30  3:18  Marine x2  
  32  3:24  Starport  
  32  3:25  Factory Reactor  
  32  3:34  SCV x2  
  32  3:35  Marine  
  32  3:36  Marine  
  36  3:57  Barracks, SCV x2  
  38  4:07  Barracks  
  38  4:21  SCV x2  
  38  4:22  Supply Depot, Marine x2  
  42  4:24  Medivac x2  
  46  4:42  Factory Tech Lab  
  46  4:44  Marine x2, SCV  
  46  4:45  Supply Depot  
  49  4:46  Barracks Reactor  
  49  4:54  Barracks Reactor  
  49  4:57  Engineering Bay x2  
  49  4:58  SCV  
  51  5:01  Medivac  
  51  5:06  Marine x2, Medivac  
  57  5:10  Barracks Tech Lab  
  56  5:16  SCV x2  
  58  5:24  Terran Infantry Weapons Level 1, Terran Infantry Armor Level 1  
  58  5:25  Armory  
  58  5:30  Supply Depot  
  58  5:33  Supply Depot  
  58  5:36  Marine x2, SCV x2  
  58  5:39  Marine  
  58  5:42  Marine  
  62  5:43  Marine  
  59  5:54  Marine x2  
  59  5:56  Siege Tank  
  64  5:57  Marine  
  64  5:59  Marine  
  64  6:01  Marine  
  67  6:12  Marine x2  
  69  6:22  Marine x3  
  75  6:29  Marine  
  75  6:30  Supply Depot  
  75  6:32  Supply Depot  
  73  6:34  Refinery, SCV x2  
  73  6:35  Refinery  
  75  6:51  SCV x2  
  75  6:53  Siege Tank  
  80  7:03  SCV x2  
  80  7:06  Marine  
  80  7:07  Marine x4  
  87  7:09  Command Center  
  87  7:24  Marine  
  88  7:30  Marine, Stimpack  
  88  7:31  Marine x3  
  88  7:33  Medivac  
  94  7:42  Marine  
  93  7:48  Marine  
  94  7:56  Supply Depot x2  
  94  7:57  Marine x3, Terran Infantry Armor Level 2  
  97  8:00  Marine  
  98  8:06  Marine  
  99  8:15  Marine  
  99  8:17  Siege Tank  
  103  8:29  Starport  
  103  8:35  Liberator x2  
  103  8:49  Marine, Siege Tank  
  103  8:50  Marine x4  
  116  8:57  Terran Infantry Weapons Level 2  
  110  9:07  Marine x2  
  110  9:08  Marine  
  76  9:23  Planetary Fortress  
  76  9:31  Siege Tank  
  79  9:37  Marine  
  79  9:38  Marine x4  
  84  9:49  SCV x2  
  84  9:52  Starport Reactor  
  86  9:55  Marine x2  
  86  9:56  Marine x2  
  86  9:58  Factory  
  90  10:01  Marine, SCV  
  92  10:12  SCV x2  
  92  10:13  Marine x3, SCV  
  98  10:16  Medivac  
  100  10:24  SCV x2  
  100  10:27  Siege Tank  
  105  10:32  Terran Infantry Armor Level 3  
  105  10:34  Marine x2, Liberator x4  
  107  10:35  Marine  
  108  10:53  Marine x3  
  123  10:59  SCV x3  
  126  11:07  Marine x2  
  126  11:10  Marine  
  126  11:11  Marine, SCV x3  
  130  11:13  Barracks, Combat Shields  
  130  11:16  Factory Tech Lab  
  133  11:22  Siege Tank  
  133  11:23  Marine  
  133  11:25  Marine x2  
  139  11:28  Marine x2  
  141  11:41  Barracks, Marine  
  141  11:42  Barracks, Marine  
  141  11:43  Supply Depot, Marine  
  141  11:44  Supply Depot  
  141  11:46  Marine  
  145  11:53  Medivac  
  145  11:54  Medivac  
  149  12:05  Medivac x2  
  149  12:07  Supply Depot  
  153  12:12  Refinery, SCV x2  
  153  12:13  Refinery, SCV  
  156  12:16  Supply Depot  
  149  12:24  SCV  
  138  12:40  Liberator x3  
  138  12:41  Liberator  
  138  12:47  Marine x4  
  138  12:48  Marine  
  138  12:49  Barracks Reactor  
  138  12:50  Barracks Reactor  
  155  13:05  Marine x2  
  148  13:24  Liberator x2  
  148  13:25  Liberator x2  
  147  13:36  Marine x2  
  147  13:37  Marine x7  
  147  13:38  Marine  
  169  13:54  Marine x4  
  169  13:55  Marine  
  173  14:25  Marine x6  
  173  14:26  Marine x2  
Show
View Real Time Build Order
Export as new Build Order

A.I. 1 (Harder) Protoss 

Build Orders:  

Get SALT Encoding   

  12  0:01  Probe (Chrono Boost)  
  13  0:11  Probe (Chrono Boost)  
  14  0:20  Pylon  
  14  0:22  Probe (Chrono Boost)  
  15  0:38  Probe (Chrono Boost)  
  16  0:47  Assimilator  
  16  0:48  Probe (Chrono Boost)  
  17  0:51  Gateway  
  17  0:59  Probe (Chrono Boost)  
  17  1:00  Pylon  
  18  1:10  Probe (Chrono Boost)  
  19  1:21  Probe (Chrono Boost)  
  20  1:35  Zealot  
  22  1:41  Cybernetics Core  
  22  1:44  Gateway  
  22  1:46  Assimilator  
  22  2:03  Pylon  
  22  2:04  Zealot  
  24  2:11  Warp Gate  
  24  2:30  Zealot, Stalker  
  28  2:48  Pylon  
  28  2:57  Stalker  
  28  2:58  Stalker  
  33  3:05  Probe (Chrono Boost)  
  33  3:17  Probe (Chrono Boost)  
  34  3:23  Pylon  
  34  3:26  Stalker  
  34  3:27  Stalker  
  34  3:28  Probe (Chrono Boost)  
  39  3:35  Forge  
  39  3:40  Probe (Chrono Boost)  
  40  3:52  Probe (Chrono Boost)  
  40  3:54  Adept  
  44  4:04  Probe (Chrono Boost)  
  44  4:18  Protoss Ground Weapons Level 1  
  44  4:25  Adept  
  44  4:28  Gateway  
  46  4:32  Adept  
  46  4:36  Pylon  
  48  4:44  Adept  
  50  4:51  Sentry  
  52  5:00  Nexus  
  52  5:03  Adept  
  54  5:14  Adept  
  56  5:22  Adept  
  56  5:26  Pylon  
  58  5:29  Sentry  
  58  5:30  Robotics Facility  
  60  5:36  Adept  
  62  5:48  Adept  
  56  5:56  Stalker  
  58  6:03  Protoss Ground Armor Level 1  
  58  6:08  Photon Cannon  
  58  6:13  Probe x2 (Chrono Boost)  
  60  6:18  Observer  
  60  6:24  Probe (Chrono Boost)  
  60  6:25  Probe (Chrono Boost)  
  63  6:35  Probe (Chrono Boost), Photon Cannon  
  63  6:36  Probe (Chrono Boost)  
  63  6:38  Observer  
  66  6:44  Pylon  
  66  6:46  Probe (Chrono Boost)  
  67  6:48  Pylon  
  67  6:50  Probe (Chrono Boost)  
  68  6:57  Probe (Chrono Boost)  
  70  7:01  Probe (Chrono Boost)  
  70  7:02  Stargate  
  71  7:08  Probe (Chrono Boost)  
  71  7:11  Photon Cannon  
  71  7:12  Probe (Chrono Boost)  
  72  7:19  Probe (Chrono Boost)  
  72  7:21  Photon Cannon  
  73  7:23  Probe (Chrono Boost)  
  67  7:30  Probe (Chrono Boost)  
  67  7:34  Probe (Chrono Boost)  
  62  7:41  Probe (Chrono Boost)  
  60  7:45  Probe (Chrono Boost)  
  60  7:49  Twilight Council  
  61  7:52  Probe (Chrono Boost)  
  61  7:56  Probe (Chrono Boost)  
  63  8:03  Probe (Chrono Boost), Forge  
  64  8:07  Probe (Chrono Boost)  
  65  8:13  Probe (Chrono Boost)  
  65  8:17  Probe (Chrono Boost)  
  65  8:18  Gateway  
  67  8:36  Nexus  
  67  8:45  Robotics Facility  
  67  8:50  Stargate  
  67  8:52  Stalker  
  69  8:59  Stalker  
  67  9:07  Zealot  
  59  9:10  Gateway  
  59  9:13  Stalker  
  51  9:18  Zealot  
  51  9:23  Stalker  
  47  9:28  Stalker  
  49  9:35  Sentry  
  51  9:39  Immortal  
  51  9:40  Stargate  
  55  9:46  Warp Prism  
  57  10:16  Observer  
  57  10:17  Assimilator  
  57  10:19  Zealot, Warp Prism  
  60  10:24  Zealot  
  64  10:29  Stalker  
  64  10:34  Stalker, Warp Prism  
  68  10:39  Stalker  
  72  10:44  Stalker  
  72  10:49  Stalker  
  76  10:54  Sentry  
  78  10:59  Immortal  
  83  11:05  Probe (Chrono Boost), Blink  
  83  11:07  Probe (Chrono Boost)  
  83  11:09  Probe (Chrono Boost)  
  85  11:16  Probe (Chrono Boost)  
  86  11:19  Probe (Chrono Boost)  
  86  11:22  Probe (Chrono Boost), Protoss Ground Weapons Level 2  
  88  11:27  Probe (Chrono Boost)  
  88  11:31  Probe (Chrono Boost)  
  91  11:33  Probe (Chrono Boost)  
  91  11:38  Probe (Chrono Boost)  
  92  11:40  Adept  
  92  11:42  Probe (Chrono Boost)  
  92  11:43  Void Ray  
  99  12:01  Assimilator  
  99  12:04  Assimilator  
  99  12:12  Assimilator  
  99  12:18  Robotics Bay  
  99  12:20  Pylon  
  91  12:25  Zealot  
  65  12:30  Zealot  
  63  12:38  Stalker  
  63  12:43  Stalker  
  67  12:48  Stalker  
  69  12:53  Sentry  
  69  12:58  Zealot  
  73  13:02  Colossus  
  73  13:03  Zealot  
  75  13:10  Fleet Beacon  
  69  13:13  Nexus  
  49  13:39  Stalker  
  40  14:08  Probe (Chrono Boost), Stalker  
  31  14:14  Stalker  
  31  14:15  Nexus  
  26  14:20  Probe (Chrono Boost)  
  17  14:43  Pylon  
  17  14:53  Probe (Chrono Boost)  
  17  14:55  Pylon  
  19  15:00  Probe (Chrono Boost)  
  18  15:20  Probe (Chrono Boost)  
  19  15:22  Probe (Chrono Boost)  
  19  15:31  Probe (Chrono Boost)  
  17  15:45  Probe (Chrono Boost)  
Tags
 
Add a new tag
Caveats
  • Supply blocks, unpowered buildings, or Contaminate may cause inaccurate times.
  • Supply counts are checked every 10 seconds.